Rangers vs Blues
Created - January 20, 2019 at 09:07
Goals
|
Rangers |
1 |
0 |
0 |
0 |
1 |
Blues |
0 |
1 |
0 |
1 |
2 |
|
Shots
|
Rangers |
16 |
3 |
8 |
1 |
28 |
Blues |
13 |
11 |
4 |
2 |
30 |
|
1st period
1. Rangers , Jakob Silfverberg 22 (Cam Barker 22, Patrice Bergeron 29) at 17:25 (PP)
Penalties :
Alex Tanguay (NYR) for Interference (Minor) at 7:14, Chris Bourque (NYR) for Tripping (Minor) at 9:43, Tomas Plekanec (STL) for Interference (Minor) at 13:17, Bryce Lampman (STL) for Tripping (Minor) at 17:09
2nd period
2. Blues , David Perron 21 (Sergei Shirokov 19, Nicklas Backstrom 41) at 4:30
Penalties :
Sergei Shirokov (STL) for Interference (Minor) at 0:37, Linus Omark (STL) for Hooking (Minor) at 5:18
3rd period
No Goal
Penalties :
Patrick Kaleta (STL) for Holding (Minor) at 0:55, Patrice Bergeron (NYR) for Hooking (Minor) at 1:44, Chris Bourque (NYR) for Holding Stick (Minor) at 8:58, Milan Lucic (NYR) for High sticking (Minor) at 13:02, Chris Bourque (NYR) for Hooking (Minor) at 15:28
Overtime #1
3. Blues , David Perron 22 (Alex Pietrangelo 41) at 2:35
Penalties :
No Penalty
Goalie Stats
Frederik Andersen (NYR), 28 saves from 30 shots - (0.933), OTL, 18-11-3, 62:35 minutes
Carey Price (STL), 27 saves from 28 shots - (0.964), W, 14-16-1, 62:35 minutes
Players Stats for Rangers
Player Name G A P +/- PIM S H SB GA TA FO MP PP MP PK MP
------------------------------------------------------------------------------------
Alex Tanguay 0 0 0 -1 2 2 2 0 1 0 1/1 16:20 0:22 3:30
Alexei Emelin 0 0 0 0 0 0 0 1 0 1 0/0 10:06 0:01 0:14
Artem Anisimov 0 0 0 -1 0 0 1 0 0 0 1/5 9:48 0:00 0:00
Cam Barker 0 1 1 -1 0 2 2 5 2 2 0/0 30:23 4:20 4:53
Chris Bourque 0 0 0 -1 6 2 2 0 0 0 0/0 11:25 0:00 0:23
Colten Teubert 0 0 0 0 0 0 0 0 0 0 0/0 9:20 0:00 0:14
Gustav Nyquist 0 0 0 0 0 1 2 0 0 1 1/2 17:06 2:47 2:59
Jakob Silfverberg 1 0 1 0 0 6 2 0 1 0 0/3 21:18 4:15 5:52
James Neal 0 0 0 0 0 1 1 1 2 1 1/2 13:40 2:47 0:00
Magnus Paajarvi-Svensson 0 0 0 -1 0 0 0 0 0 0 0/0 10:00 0:00 0:12
Mark Fistric 0 0 0 0 0 0 4 1 0 1 0/0 23:24 0:00 4:53
Matt Greene 0 0 0 -1 0 3 1 2 0 1 0/0 19:52 0:00 5:37
Matt Read 0 0 0 -1 0 4 0 0 0 0 1/1 15:50 4:19 0:00
Milan Lucic 0 0 0 -1 2 2 1 0 0 2 5/9 22:34 3:53 4:26
Patrice Bergeron 0 1 1 0 2 2 1 0 1 1 7/17 18:36 4:14 2:52
Ryan Suter 0 0 0 -1 0 1 0 0 0 0 0/0 22:52 2:42 5:37
Sean Couturier 0 0 0 0 0 1 0 0 0 0 4/8 14:54 2:42 1:14
Stephen Weiss 0 0 0 0 0 1 4 1 0 0 2/7 10:52 2:47 0:00
Players Stats for Blues
Player Name G A P +/- PIM S H SB GA TA FO MP PP MP PK MP
------------------------------------------------------------------------------------
Alex Pietrangelo 0 1 1 1 0 2 1 2 2 0 0/0 26:38 5:12 4:30
Brandon Yip 0 0 0 0 0 2 1 0 1 0 0/0 10:42 0:28 0:00
Bryce Lampman 0 0 0 1 2 1 1 0 0 0 0/0 27:39 6:04 3:39
Cody Ceci 0 0 0 1 0 1 1 0 1 1 0/0 12:26 0:00 0:51
David Perron 2 0 2 2 0 3 3 1 3 0 0/1 22:10 2:56 1:57
Filip Forsberg 0 0 0 0 0 1 2 0 1 0 0/0 14:12 6:05 0:08
Jake Gardiner 0 0 0 0 0 0 1 4 0 2 0/0 23:18 4:40 2:32
Kyle Okposo 0 0 0 0 0 3 1 0 0 1 0/3 19:30 5:51 0:00
Linus Omark 0 0 0 0 2 1 1 0 1 0 0/1 4:55 0:00 0:00
Logan Couture 0 0 0 0 0 3 1 0 0 1 9/16 15:31 2:06 4:02
Nick Leddy 0 0 0 1 0 0 2 0 0 0 0/0 17:10 5:31 0:00
Nicklas Backstrom 0 1 1 2 0 5 3 0 1 0 11/19 23:25 5:40 0:46
Patrick Kaleta 0 0 0 0 2 1 0 0 0 0 0/0 11:48 0:18 3:23
Sergei Shirokov 0 1 1 1 2 2 2 2 0 1 0/0 16:27 4:24 0:00
Ted Purcell 0 0 0 0 0 4 1 0 0 0 1/1 12:05 0:00 1:34
Tomas Plekanec 0 0 0 0 2 0 0 1 0 0 3/4 8:38 0:00 0:00
Travis Zajac 0 0 0 0 0 1 1 0 0 0 8/10 17:31 4:24 2:14
Yann Sauvé 0 0 0 0 0 0 0 3 0 1 0/0 17:58 0:01 2:32
3 Stars
1 - David Perron (STL)
2 - Carey Price (STL)
3 - Nicklas Backstrom (STL)
Power Play
Rangers - 1 on 5 Attempt(s) - 20.00%
Blues - 0 on 6 Attempt(s) - 0.00%
Penalty Kill
Rangers - 6 on 6 Attempt(s) - 100.00%
- Score 0 goal in Penalty Kill
Blues - 4 on 5 Attempt(s) - 80.00%
- Score 0 goal in Penalty Kill
Team Stat
Rangers - Hits : 23 - Faceoff Wins : 23 - Blocked Shots : 11 - Penalty Minutes : 12
Blues - Hits : 22 - Faceoff Wins : 32 - Blocked Shots : 13 - Penalty Minutes : 10
Official
Referees : Unknown
Linesman : Unknown
Game Notes
Linus Omark is injured at 10:26 of 2nd period (Herniated Disc)
Finance
Level 1 -- Attendance: 5595 (93.25%) -- Ticket Income $497,955
Level 2 -- Attendance: 4677 (93.54%) -- Ticket Income $266,589
Level 3 -- Attendance: 2000 (100.00%) -- Ticket Income $70,000
Level 4 -- Attendance: 3808 (95.20%) -- Ticket Income $91,392
Luxury Box -- Attendance: 790 (79.00%) -- Ticket Income $137,460
Game was played at the Scotttrade center.
Total Attendance: 16870 (93.72%)
Total Ticket Income: $1,063,396
Other Income: $159,509
Total Income: $1,222,905
Rangers
5 vs 5 Forward
Center Left Wing Right Wing Time % Phy DF OF
1 Patrice Bergeron Milan Lucic Jakob Silfverberg 40 1 2 2
2 Sean Couturier Gustav Nyquist James Neal 30 1 2 2
3 Stephen Weiss Alex Tanguay Matt Read 20 1 2 2
4 Artem Anisimov Magnus Paajarvi-Svensson Chris Bourque 10 1 2 2
5 vs 5 Defense
Defense Defense Time % Phy DF OF
1 Cam Barker Mark Fistric 40 1 2 2
2 Ryan Suter Matt Greene 30 1 2 2
3 Alexei Emelin Colten Teubert 20 1 2 2
4 Cam Barker Mark Fistric 10 1 2 2
PowerPlay Forward
Center Left Wing Right Wing Time % Phy DF OF
1 Patrice Bergeron Milan Lucic Jakob Silfverberg 60 1 2 2
2 Stephen Weiss Gustav Nyquist James Neal 40 1 2 2
PowerPlay Defense
Defense Defense Time % Phy DF OF
1 Cam Barker Matt Read 60 1 2 2
2 Ryan Suter Sean Couturier 40 1 2 2
Penalty Kill 4 Players Forward
Center Wing Time % Phy DF OF
1 Milan Lucic Jakob Silfverberg 60 1 2 2
2 Patrice Bergeron Alex Tanguay 40 1 2 2
Penalty Kill 4 Players Defense
Defense Defense Time % Phy DF OF
1 Cam Barker Mark Fistric 60 1 2 2
2 Ryan Suter Matt Greene 40 1 2 2
Penalty Kill - 3 Players Forward
Forward Time % Phy DF OF
1 Milan Lucic 60 1 2 2
2 Alex Tanguay 40 1 2 2
Penalty Kill - 3 Players Defense
Defense Defense Time % Phy DF OF
1 Cam Barker Mark Fistric 60 1 2 2
2 Ryan Suter Matt Greene 40 1 2 2
4 vs 4 Forward
Center Wing Time % Phy DF OF
1 Milan Lucic Alex Tanguay 60 1 2 2
2 Patrice Bergeron James Neal 40 1 2 2
4 vs 4 Defense
Defense Defense Time % Phy DF OF
1 Cam Barker Mark Fistric 60 1 2 2
2 Ryan Suter Matt Greene 40 1 2 2
Last Minutes Offensive
Center Left Wing Right Wing Defense Defense
Patrice Bergeron Milan Lucic Jakob Silfverberg Cam Barker Mark Fistric
Last Minutes Defensive
Center Left Wing Right Wing Defense Defense
Patrice Bergeron Milan Lucic Jakob Silfverberg Cam Barker Mark Fistric
Goaltenders
Starting : Frederik Andersen
Backup : Braden Holtby
Extra Forwards
Normal : Alex Tanguay, Matt Read, Gustav Nyquist - PP : Alex Tanguay, Matt Read - PK : Gustav Nyquist
Extra Defensemen
Normal : Alexei Emelin, Colten Teubert, Ryan Suter - PP : Alexei Emelin - PK : Colten Teubert, Ryan Suter
Penalty Shots
Milan Lucic, Jakob Silfverberg, Patrice Bergeron, James Neal, Stephen Weiss
Scratches
None
Blues
5 vs 5 Forward
Center Left Wing Right Wing Time % Phy DF OF
1 Nicklas Backstrom David Perron Kyle Okposo 40 1 2 2
2 Travis Zajac Ted Purcell Sergei Shirokov 30 1 2 2
3 Logan Couture Filip Forsberg Patrick Kaleta 20 1 2 2
4 Tomas Plekanec Linus Omark Brandon Yip 10 1 2 2
5 vs 5 Defense
Defense Defense Time % Phy DF OF
1 Alex Pietrangelo Bryce Lampman 40 1 2 2
2 Jake Gardiner Yann Sauvé 30 1 2 2
3 Nick Leddy Cody Ceci 20 1 2 2
4 Jake Gardiner Bryce Lampman 10 1 2 2
PowerPlay Forward
Center Left Wing Right Wing Time % Phy DF OF
1 Nicklas Backstrom Filip Forsberg Kyle Okposo 60 1 2 2
2 Travis Zajac David Perron Sergei Shirokov 40 1 2 2
PowerPlay Defense
Defense Defense Time % Phy DF OF
1 Alex Pietrangelo Jake Gardiner 60 1 2 2
2 Nick Leddy Bryce Lampman 40 1 2 2
Penalty Kill 4 Players Forward
Center Wing Time % Phy DF OF
1 Logan Couture Patrick Kaleta 60 1 2 2
2 Travis Zajac Ted Purcell 40 1 2 2
Penalty Kill 4 Players Defense
Defense Defense Time % Phy DF OF
1 Alex Pietrangelo Bryce Lampman 60 1 2 2
2 Jake Gardiner Yann Sauvé 40 1 2 2
Penalty Kill - 3 Players Forward
Forward Time % Phy DF OF
1 Travis Zajac 60 1 2 2
2 Logan Couture 40 1 2 2
Penalty Kill - 3 Players Defense
Defense Defense Time % Phy DF OF
1 Alex Pietrangelo Bryce Lampman 60 1 2 2
2 Jake Gardiner Yann Sauvé 40 1 2 2
4 vs 4 Forward
Center Wing Time % Phy DF OF
1 Nicklas Backstrom David Perron 60 1 2 2
2 Travis Zajac Kyle Okposo 40 1 2 2
4 vs 4 Defense
Defense Defense Time % Phy DF OF
1 Alex Pietrangelo Bryce Lampman 60 1 2 2
2 Jake Gardiner Yann Sauvé 40 1 2 2
Last Minutes Offensive
Center Left Wing Right Wing Defense Defense
Nicklas Backstrom David Perron Kyle Okposo Alex Pietrangelo Jake Gardiner
Last Minutes Defensive
Center Left Wing Right Wing Defense Defense
Travis Zajac Ted Purcell Patrick Kaleta Alex Pietrangelo Bryce Lampman
Goaltenders
Starting : Carey Price
Backup : Ray Emery
Extra Forwards
Normal : Logan Couture, Brandon Yip, Patrick Kaleta - PP : Logan Couture, Brandon Yip - PK : Patrick Kaleta
Extra Defensemen
Normal : Nick Leddy, Cody Ceci, Jake Gardiner - PP : Nick Leddy - PK : Cody Ceci, Jake Gardiner
Penalty Shots
David Perron, Ted Purcell, Nicklas Backstrom, Logan Couture, Linus Omark
Scratches
None
% Time on Ice - Rangers
Lines # - Real PCT - Wanted PCT - Time Play
Normal Forward
1 - 31% - 40% - 12:48
2 - 25% - 30% - 10:08
3 - 20% - 20% - 8:20
4 - 24% - 10% - 9:48
Normal Defense
1 - 44% - 40% - 17:57
2 - 31% - 30% - 12:38
3 - 21% - 20% - 8:45
4 - 4% - 10% - 1:44
PP Forward
1 - 60% - 60% - 4:15
2 - 40% - 40% - 2:47
PP Defense
1 - 62% - 60% - 4:20
2 - 38% - 40% - 2:42
PK Forward
1 - 76% - 60% - 8:07
2 - 24% - 40% - 2:37
PK Defense
1 - 48% - 60% - 5:07
2 - 52% - 40% - 5:37
PK3 Forward
1 - 0% - 60%
2 - 0% - 40%
PK3 Defense
1 - 0% - 60%
2 - 0% - 40%
44 Forward
1 - 88% - 60% - 3:17
2 - 12% - 40% - 0:28
44 Defense
1 - 49% - 60% - 1:50
2 - 51% - 40% - 1:55
Last Minute Offensive - 0:00
Last Minute Defensive - 0:00
Total
Forward - 62:35
Defense - 62:35
|
% Time on Ice - Blues
Lines # - Real PCT - Wanted PCT - Time Play
Normal Forward
1 - 37% - 40% - 15:10
2 - 26% - 30% - 10:31
3 - 16% - 20% - 6:44
4 - 21% - 10% - 8:39
Normal Defense
1 - 36% - 40% - 14:36
2 - 36% - 30% - 14:39
3 - 27% - 20% - 11:03
4 - 2% - 10% - 0:46
PP Forward
1 - 59% - 60% - 6:20
2 - 41% - 40% - 4:24
PP Defense
1 - 48% - 60% - 5:12
2 - 52% - 40% - 5:32
PK Forward
1 - 78% - 60% - 5:28
2 - 22% - 40% - 1:34
PK Defense
1 - 64% - 60% - 4:30
2 - 36% - 40% - 2:32
PK3 Forward
1 - 0% - 60%
2 - 0% - 40%
PK3 Defense
1 - 0% - 60%
2 - 0% - 40%
44 Forward
1 - 79% - 60% - 2:58
2 - 21% - 40% - 0:47
44 Defense
1 - 64% - 60% - 2:23
2 - 36% - 40% - 1:22
Last Minute Offensive - 0:00
Last Minute Defensive - 0:00
Total
Forward - 62:35
Defense - 62:35
|
Play-by-Play
1st period
0:01 of 1st period - Nicklas Backstrom wins face-off versus Patrice Bergeron in neutral zone.
0:04 of 1st period - Mark Fistric is hit by Kyle Okposo and loses puck.
0:34 of 1st period - Wrist shot by Jakob Silfverberg.
0:34 of 1st period - Deflect By Alex Pietrangelo.
0:34 of 1st period - Shot Misses the Net.
0:34 of 1st period - Puck is out of play.
0:35 of 1st period - Travis Zajac wins face-off versus Sean Couturier in Blues zone.
0:44 of 1st period - Wrist shot by Ted Purcell.
0:44 of 1st period - Shot Blocked by Matt Greene.
0:50 of 1st period - Snap shot by Ted Purcell.
0:50 of 1st period - Stopped by Frederik Andersen with a rebound.
0:52 of 1st period - Wrist shot by Sergei Shirokov.
0:52 of 1st period - Deflect By Travis Zajac.
0:52 of 1st period - Shot Misses the Net.
0:52 of 1st period - Puck is out of play.
0:53 of 1st period - Stephen Weiss wins face-off versus Linus Omark in Rangers zone.
0:57 of 1st period - Off-side.
0:58 of 1st period - Tomas Plekanec wins face-off versus Stephen Weiss in neutral zone.
1:30 of 1st period - Wrist shot by Linus Omark.
1:30 of 1st period - Shot Hit the Post.
1:44 of 1st period - Snap shot by Matt Read.
1:44 of 1st period - Deflect By Alex Tanguay.
1:44 of 1st period - Shot Blocked by Tomas Plekanec.
1:44 of 1st period - Puck is out of play.
1:45 of 1st period - Sean Couturier wins face-off versus Nicklas Backstrom in Blues zone.
1:56 of 1st period - Kyle Okposo is hit by James Neal and loses puck.
2:17 of 1st period - Slapshot by Nicklas Backstrom.
2:17 of 1st period - Stopped by Frederik Andersen without a rebound.
2:18 of 1st period - Travis Zajac wins face-off versus Jakob Silfverberg in Rangers zone.
2:35 of 1st period - Slapshot by Ted Purcell.
2:35 of 1st period - Stopped by Frederik Andersen without a rebound.
2:36 of 1st period - Logan Couture wins face-off versus Artem Anisimov in Rangers zone.
2:45 of 1st period - Jake Gardiner is hit by Mark Fistric and loses puck.
3:36 of 1st period - Slapshot by Sergei Shirokov.
3:36 of 1st period - Shot Blocked by Cam Barker.
4:15 of 1st period - Alex Tanguay is hit by Nick Leddy and loses puck.
4:36 of 1st period - Wrist shot by Tomas Plekanec.
4:36 of 1st period - Shot Misses the Net.
4:42 of 1st period - Snap shot by Alex Tanguay.
4:42 of 1st period - Shot Misses the Net.
4:50 of 1st period - Matt Read is hit by Linus Omark.
4:56 of 1st period - Slapshot by Ryan Suter.
4:56 of 1st period - Deflect By Matt Read.
4:56 of 1st period - Stopped by Carey Price with a rebound.
5:00 of 1st period - Snap shot by Matt Read.
5:00 of 1st period - Stopped by Carey Price with a rebound.
5:02 of 1st period - Wrist shot by Matt Read.
5:02 of 1st period - Stopped by Carey Price without a rebound.
5:03 of 1st period - Patrice Bergeron wins face-off versus Nicklas Backstrom in Blues zone.
5:10 of 1st period - Snap shot by Jakob Silfverberg.
5:10 of 1st period - Shot Misses the Net.
5:12 of 1st period - Snap shot by Patrice Bergeron.
5:12 of 1st period - Stopped by Carey Price without a rebound.
5:13 of 1st period - Nicklas Backstrom wins face-off versus Milan Lucic in Blues zone.
5:18 of 1st period - Slapshot by Alex Pietrangelo.
5:18 of 1st period - Deflect By Jakob Silfverberg.
5:18 of 1st period - Stopped by Frederik Andersen without a rebound.
5:19 of 1st period - Patrice Bergeron wins face-off versus Kyle Okposo in Rangers zone.
5:24 of 1st period - Bryce Lampman is hit by Jakob Silfverberg and loses puck.
5:59 of 1st period - Alexei Emelin is hit by Bryce Lampman and loses puck.
6:06 of 1st period - Slapshot by Jakob Silfverberg.
6:06 of 1st period - Stopped by Carey Price with a rebound.
6:08 of 1st period - Wrist shot by Patrice Bergeron.
6:08 of 1st period - Stopped by Carey Price with a rebound.
6:20 of 1st period - Slapshot by Alex Pietrangelo.
6:20 of 1st period - Deflect By Sergei Shirokov.
6:20 of 1st period - Shot Misses the Net.
6:20 of 1st period - Puck is out of play.
6:21 of 1st period - Nicklas Backstrom wins face-off versus Sean Couturier in Rangers zone.
7:09 of 1st period - Slapshot by Logan Couture.
7:09 of 1st period - Stopped by Frederik Andersen without a rebound.
7:10 of 1st period - Logan Couture wins face-off versus Stephen Weiss in Rangers zone.
7:14 of 1st period - Minor Penalty to Alex Tanguay for Interference.
7:15 of 1st period - Nicklas Backstrom wins face-off versus Milan Lucic in Rangers zone.
7:59 of 1st period - Patrice Bergeron is hit by David Perron and loses puck.
8:36 of 1st period - Sean Couturier is hit by Nicklas Backstrom and loses puck.
9:14 of 1st period - Penalty to Alex Tanguay is over, Alex Tanguay is back on ice.
9:19 of 1st period - Snap shot by Brandon Yip.
9:19 of 1st period - Stopped by Frederik Andersen without a rebound.
9:20 of 1st period - Tomas Plekanec wins face-off versus Artem Anisimov in Rangers zone.
9:21 of 1st period - Snap shot by Linus Omark.
9:21 of 1st period - Shot Blocked by Alexei Emelin.
9:43 of 1st period - Minor Penalty to Chris Bourque for Tripping.
9:44 of 1st period - Nicklas Backstrom wins face-off versus Jakob Silfverberg in Rangers zone.
9:51 of 1st period - Wrist shot by Filip Forsberg.
9:51 of 1st period - Deflect By Milan Lucic.
9:51 of 1st period - Shot Blocked by Cam Barker.
9:51 of 1st period - Puck is out of play.
9:52 of 1st period - Milan Lucic wins face-off versus Nicklas Backstrom in Rangers zone.
10:21 of 1st period - Wrist shot by Filip Forsberg.
10:21 of 1st period - Stopped by Frederik Andersen with a rebound.
10:53 of 1st period - Snap shot by Kyle Okposo.
10:53 of 1st period - Stopped by Frederik Andersen with a rebound.
11:07 of 1st period - Wrist shot by Kyle Okposo.
11:07 of 1st period - Stopped by Frederik Andersen with a rebound.
11:43 of 1st period - Penalty to Chris Bourque is over, Chris Bourque is back on ice.
12:14 of 1st period - Snap shot by Chris Bourque.
12:14 of 1st period - Stopped by Carey Price with a rebound.
12:16 of 1st period - Slapshot by Matt Greene.
12:16 of 1st period - Stopped by Carey Price with a rebound.
12:18 of 1st period - Slapshot by Matt Greene.
12:18 of 1st period - Shot Blocked by Jake Gardiner.
12:20 of 1st period - Wrist shot by Alex Tanguay.
12:20 of 1st period - Shot Misses the Net.
12:22 of 1st period - Backhand shot by Matt Greene.
12:22 of 1st period - Shot Blocked by Yann Sauvé.
12:26 of 1st period - Wrist shot by Chris Bourque.
12:26 of 1st period - Shot Blocked by Yann Sauvé.
12:28 of 1st period - Slapshot by Matt Greene.
12:28 of 1st period - Deflect By Jake Gardiner.
12:28 of 1st period - Stopped by Carey Price with a rebound.
12:30 of 1st period - Wrist shot by Alex Tanguay.
12:30 of 1st period - Shot Misses the Net.
12:32 of 1st period - Slapshot by Matt Greene.
12:32 of 1st period - Shot Blocked by Jake Gardiner.
12:34 of 1st period - Snap shot by Milan Lucic.
12:34 of 1st period - Stopped by Carey Price with a rebound.
12:36 of 1st period - Wrist shot by Ryan Suter.
12:36 of 1st period - Stopped by Carey Price with a rebound.
12:38 of 1st period - Snap shot by Alex Tanguay.
12:38 of 1st period - Stopped by Carey Price without a rebound.
12:39 of 1st period - Ted Purcell wins face-off versus James Neal in Blues zone.
13:17 of 1st period - Minor Penalty to Tomas Plekanec for Interference.
13:18 of 1st period - James Neal wins face-off versus Logan Couture in Blues zone.
14:02 of 1st period - Bryce Lampman is hit by Gustav Nyquist and loses puck.
15:17 of 1st period - Penalty to Tomas Plekanec is over, Tomas Plekanec is back on ice.
15:23 of 1st period - Cody Ceci is hit by Chris Bourque and loses puck.
15:34 of 1st period - Snap shot by Brandon Yip.
15:34 of 1st period - Deflect By Linus Omark.
15:34 of 1st period - Shot Misses the Net.
15:34 of 1st period - Puck is out of play.
15:35 of 1st period - Travis Zajac wins face-off versus Artem Anisimov in Rangers zone.
15:36 of 1st period - Wrist shot by Ted Purcell.
15:36 of 1st period - Stopped by Frederik Andersen without a rebound.
15:37 of 1st period - Travis Zajac wins face-off versus Artem Anisimov in Rangers zone.
15:46 of 1st period - Wrist shot by Chris Bourque.
15:46 of 1st period - Stopped by Carey Price without a rebound.
15:47 of 1st period - Travis Zajac wins face-off versus Patrice Bergeron in Blues zone.
15:54 of 1st period - Wrist shot by Sergei Shirokov.
15:54 of 1st period - Shot Misses the Net.
16:24 of 1st period - Wrist shot by James Neal.
16:24 of 1st period - Stopped by Carey Price without a rebound.
16:25 of 1st period - Logan Couture wins face-off versus Patrice Bergeron in Blues zone.
16:31 of 1st period - Off-side.
16:32 of 1st period - Logan Couture wins face-off versus Patrice Bergeron in neutral zone.
17:09 of 1st period - Minor Penalty to Bryce Lampman for Tripping.
17:10 of 1st period - Patrice Bergeron wins face-off versus Logan Couture in Blues zone.
17:19 of 1st period - Wrist shot by Patrice Bergeron.
17:19 of 1st period - Shot Misses the Net.
17:21 of 1st period - Slapshot by Cam Barker.
17:21 of 1st period - Shot Misses the Net.
17:23 of 1st period - Wrist shot by Jakob Silfverberg.
17:23 of 1st period - Stopped by Carey Price with a rebound.
17:25 of 1st period - Wrist shot by Jakob Silfverberg.
17:25 of 1st period - Goal by Jakob Silfverberg - Rangers : 1 - Blues : 0.
17:26 of 1st period - Nicklas Backstrom wins face-off versus Sean Couturier in neutral zone.
17:37 of 1st period - Kyle Okposo is hit by Cam Barker.
17:41 of 1st period - Snap shot by Nicklas Backstrom.
17:41 of 1st period - Shot Blocked by James Neal.
18:00 of 1st period - Slapshot by Jakob Silfverberg.
18:00 of 1st period - Shot Blocked by Alex Pietrangelo.
18:20 of 1st period - Snap shot by Linus Omark.
18:20 of 1st period - Stopped by Frederik Andersen with a rebound.
18:59 of 1st period - Slapshot by David Perron.
18:59 of 1st period - Deflect By Kyle Okposo.
18:59 of 1st period - Shot Misses the Net.
18:59 of 1st period - Puck is out of play.
19:00 of 1st period - Sean Couturier wins face-off versus Kyle Okposo in Rangers zone.
19:13 of 1st period - Slapshot by Nicklas Backstrom.
19:13 of 1st period - Shot Blocked by Mark Fistric.
19:15 of 1st period - Slapshot by Alex Pietrangelo.
19:15 of 1st period - Stopped by Frederik Andersen with a rebound.
19:17 of 1st period - Slapshot by Bryce Lampman.
19:17 of 1st period - Stopped by Frederik Andersen with a rebound.
19:27 of 1st period - Travis Zajac is hit by Alex Tanguay and loses puck.
19:36 of 1st period - Snap shot by Alex Tanguay.
19:36 of 1st period - Shot Blocked by Alex Pietrangelo.
19:56 of 1st period - Bryce Lampman is hit by Matt Greene and loses puck.
Goals for this period are 1 for Rangers vs 0 for Blues.
Shots for this period are 16 for Rangers vs 13 for Blues.
2nd period
0:01 of 2nd period - Patrice Bergeron wins face-off versus Nicklas Backstrom in neutral zone.
0:09 of 2nd period - Nicklas Backstrom is hit by Mark Fistric and loses puck.
0:13 of 2nd period - Alex Pietrangelo is hit by Mark Fistric and loses puck.
0:37 of 2nd period - Minor Penalty to Sergei Shirokov for Interference.
0:38 of 2nd period - Logan Couture wins face-off versus Patrice Bergeron in Blues zone.
0:44 of 2nd period - Snap shot by Logan Couture.
0:44 of 2nd period - Stopped by Frederik Andersen without a rebound.
0:45 of 2nd period - Logan Couture wins face-off versus Patrice Bergeron in Rangers zone.
0:54 of 2nd period - Snap shot by Logan Couture.
0:54 of 2nd period - Stopped by Frederik Andersen with a rebound.
1:02 of 2nd period - Logan Couture is hit by Jakob Silfverberg and loses puck.
1:24 of 2nd period - Snap shot by Jakob Silfverberg.
1:24 of 2nd period - Deflect By Milan Lucic.
1:24 of 2nd period - Shot Misses the Net.
1:24 of 2nd period - Puck is out of play.
1:25 of 2nd period - Travis Zajac wins face-off versus Stephen Weiss in Blues zone.
1:25 of 2nd period - Travis Zajac is hit by Gustav Nyquist.
1:35 of 2nd period - James Neal is hit by Jake Gardiner and loses puck.
1:42 of 2nd period - Wrist shot by Ted Purcell.
1:42 of 2nd period - Shot Blocked by Stephen Weiss.
2:37 of 2nd period - Penalty to Sergei Shirokov is over, Sergei Shirokov is back on ice.
3:03 of 2nd period - Nick Leddy is hit by Artem Anisimov and loses puck.
3:10 of 2nd period - Cam Barker is hit by Nick Leddy and loses puck.
3:33 of 2nd period - Slapshot by Nicklas Backstrom.
3:33 of 2nd period - Stopped by Frederik Andersen with a rebound.
3:45 of 2nd period - Snap shot by Magnus Paajarvi-Svensson.
3:45 of 2nd period - Shot Blocked by Sergei Shirokov.
3:55 of 2nd period - Wrist shot by David Perron.
3:55 of 2nd period - Shot Blocked by Cam Barker.
3:57 of 2nd period - Wrist shot by Sergei Shirokov.
3:57 of 2nd period - Shot Misses the Net.
3:59 of 2nd period - Snap shot by Nicklas Backstrom.
3:59 of 2nd period - Shot Misses the Net.
4:01 of 2nd period - Snap shot by Sergei Shirokov.
4:01 of 2nd period - Shot Blocked by Cam Barker.
4:03 of 2nd period - Wrist shot by Nicklas Backstrom.
4:03 of 2nd period - Shot Misses the Net.
4:05 of 2nd period - Wrist shot by Sergei Shirokov.
4:05 of 2nd period - Stopped by Frederik Andersen with a rebound.
4:07 of 2nd period - Slapshot by Cody Ceci.
4:07 of 2nd period - Stopped by Frederik Andersen with a rebound.
4:22 of 2nd period - Wrist shot by Nicklas Backstrom.
4:22 of 2nd period - Shot Misses the Net.
4:24 of 2nd period - Wrist shot by Nicklas Backstrom.
4:24 of 2nd period - Stopped by Frederik Andersen with a rebound.
4:26 of 2nd period - Wrist shot by Nicklas Backstrom.
4:26 of 2nd period - Stopped by Frederik Andersen with a rebound.
4:28 of 2nd period - Slapshot by Sergei Shirokov.
4:28 of 2nd period - Stopped by Frederik Andersen with a rebound.
4:30 of 2nd period - Wrist shot by David Perron.
4:30 of 2nd period - Goal by David Perron - Rangers : 1 - Blues : 1.
4:31 of 2nd period - Logan Couture wins face-off versus Patrice Bergeron in neutral zone.
4:36 of 2nd period - Wrist shot by Patrick Kaleta.
4:36 of 2nd period - Deflect By Jakob Silfverberg.
4:36 of 2nd period - Shot Misses the Net.
4:36 of 2nd period - Puck is out of play.
4:37 of 2nd period - Patrice Bergeron wins face-off versus Logan Couture in Rangers zone.
4:37 of 2nd period - Patrice Bergeron is hit by Filip Forsberg.
5:18 of 2nd period - Minor Penalty to Linus Omark for Hooking.
5:19 of 2nd period - Logan Couture wins face-off versus Patrice Bergeron in Blues zone.
5:46 of 2nd period - James Neal is hit by Ted Purcell.
5:52 of 2nd period - Yann Sauvé is hit by Stephen Weiss and loses puck.
7:03 of 2nd period - Gustav Nyquist is hit by Nicklas Backstrom and loses puck.
7:18 of 2nd period - Penalty to Linus Omark is over, Linus Omark is back on ice.
7:48 of 2nd period - Alexei Emelin is hit by David Perron and loses puck.
10:14 of 2nd period - Chris Bourque is hit by Brandon Yip and loses puck.
10:25 of 2nd period - Linus Omark is hit by Chris Bourque and loses puck.
10:26 of 2nd period - Linus Omark from Blues is injured at 10:26 of 2nd period (Herniated Disc).
10:27 of 2nd period - Travis Zajac wins face-off versus Patrice Bergeron in Blues zone.
10:27 of 2nd period - Travis Zajac is hit by Patrice Bergeron.
10:53 of 2nd period - James Neal is hit by David Perron and loses puck.
11:14 of 2nd period - Logan Couture is hit by Stephen Weiss and loses puck.
11:27 of 2nd period - Snap shot by Alex Tanguay.
11:27 of 2nd period - Shot Misses the Net.
13:17 of 2nd period - Artem Anisimov is hit by Alex Pietrangelo and loses puck.
14:48 of 2nd period - Matt Read is hit by Cody Ceci and loses puck.
15:07 of 2nd period - Wrist shot by Sean Couturier.
15:07 of 2nd period - Shot Misses the Net.
15:29 of 2nd period - Wrist shot by Ted Purcell.
15:29 of 2nd period - Stopped by Frederik Andersen with a rebound.
15:41 of 2nd period - Slapshot by Mark Fistric.
15:41 of 2nd period - Shot Blocked by David Perron.
15:43 of 2nd period - Snap shot by Milan Lucic.
15:43 of 2nd period - Deflect By Patrice Bergeron.
15:43 of 2nd period - Shot Misses the Net.
15:43 of 2nd period - Puck is out of play.
15:44 of 2nd period - Patrice Bergeron wins face-off versus Kyle Okposo in Blues zone.
15:45 of 2nd period - Wrist shot by Milan Lucic.
15:45 of 2nd period - Stopped by Carey Price with a rebound.
15:47 of 2nd period - Wrist shot by Jakob Silfverberg.
15:47 of 2nd period - Stopped by Carey Price with a rebound.
15:49 of 2nd period - Wrist shot by Colten Teubert.
15:49 of 2nd period - Shot Hit the Post.
16:55 of 2nd period - Snap shot by James Neal.
16:55 of 2nd period - Shot Misses the Net.
17:40 of 2nd period - Wrist shot by Alex Tanguay.
17:40 of 2nd period - Shot Blocked by Sergei Shirokov.
17:42 of 2nd period - Slapshot by Matt Greene.
17:42 of 2nd period - Stopped by Carey Price without a rebound.
17:43 of 2nd period - Sean Couturier wins face-off versus Logan Couture in Blues zone.
18:08 of 2nd period - Travis Zajac is hit by Cam Barker and loses puck.
19:19 of 2nd period - Snap shot by James Neal.
19:19 of 2nd period - Shot Misses the Net.
19:21 of 2nd period - Wrist shot by Gustav Nyquist.
19:21 of 2nd period - Shot Blocked by Jake Gardiner.
19:43 of 2nd period - Wrist shot by Jakob Silfverberg.
19:43 of 2nd period - Shot Misses the Net.
19:57 of 2nd period - Wrist shot by Logan Couture.
19:57 of 2nd period - Deflect By Patrick Kaleta.
19:57 of 2nd period - Stopped by Frederik Andersen without a rebound.
19:58 of 2nd period - Logan Couture wins face-off versus Stephen Weiss in Rangers zone.
Goals for this period are 0 for Rangers vs 1 for Blues.
Shots for this period are 3 for Rangers vs 11 for Blues.
3rd period
0:01 of 3rd period - Nicklas Backstrom wins face-off versus Patrice Bergeron in neutral zone.
0:55 of 3rd period - Minor Penalty to Patrick Kaleta for Holding.
0:56 of 3rd period - Patrice Bergeron wins face-off versus Logan Couture in Blues zone.
1:44 of 3rd period - Minor Penalty to Patrice Bergeron for Hooking.
1:45 of 3rd period - Milan Lucic wins face-off versus David Perron in Rangers zone.
2:39 of 3rd period - Snap shot by Travis Zajac.
2:39 of 3rd period - Stopped by Frederik Andersen without a rebound.
2:40 of 3rd period - Milan Lucic wins face-off versus Nicklas Backstrom in Rangers zone.
2:55 of 3rd period - Penalty to Patrick Kaleta is over, Patrick Kaleta is back on ice.
3:44 of 3rd period - Penalty to Patrice Bergeron is over, Patrice Bergeron is back on ice.
3:51 of 3rd period - Slapshot by Cam Barker.
3:51 of 3rd period - Stopped by Carey Price with a rebound.
3:53 of 3rd period - Slapshot by Cam Barker.
3:53 of 3rd period - Shot Misses the Net.
4:15 of 3rd period - Snap shot by Alex Tanguay.
4:15 of 3rd period - Stopped by Carey Price with a rebound.
4:17 of 3rd period - Wrist shot by Stephen Weiss.
4:17 of 3rd period - Stopped by Carey Price without a rebound.
4:18 of 3rd period - Nicklas Backstrom wins face-off versus Stephen Weiss in Blues zone.
4:27 of 3rd period - Matt Greene is hit by Nicklas Backstrom and loses puck.
5:02 of 3rd period - Slapshot by Jakob Silfverberg.
5:02 of 3rd period - Shot Misses the Net.
5:04 of 3rd period - Wrist shot by Cam Barker.
5:04 of 3rd period - Stopped by Carey Price with a rebound.
5:06 of 3rd period - Snap shot by Milan Lucic.
5:06 of 3rd period - Shot Blocked by Jake Gardiner.
5:08 of 3rd period - Slapshot by Jakob Silfverberg.
5:08 of 3rd period - Stopped by Carey Price without a rebound.
5:09 of 3rd period - Travis Zajac wins face-off versus Jakob Silfverberg in Blues zone.
5:40 of 3rd period - Snap shot by David Perron.
5:40 of 3rd period - Shot Misses the Net.
5:42 of 3rd period - Snap shot by Kyle Okposo.
5:42 of 3rd period - Stopped by Frederik Andersen with a rebound.
6:11 of 3rd period - Ryan Suter is hit by Filip Forsberg and loses puck.
6:40 of 3rd period - Wrist shot by David Perron.
6:40 of 3rd period - Stopped by Frederik Andersen with a rebound.
6:58 of 3rd period - Nick Leddy is hit by Milan Lucic and loses puck.
7:30 of 3rd period - Snap shot by Chris Bourque.
7:30 of 3rd period - Deflect By Artem Anisimov.
7:30 of 3rd period - Shot Blocked by Yann Sauvé.
7:30 of 3rd period - Puck is out of play.
7:31 of 3rd period - Artem Anisimov wins face-off versus Nicklas Backstrom in Blues zone.
8:41 of 3rd period - Wrist shot by Nicklas Backstrom.
8:41 of 3rd period - Shot Blocked by Cam Barker.
8:58 of 3rd period - Minor Penalty to Chris Bourque for Holding Stick.
8:59 of 3rd period - Milan Lucic wins face-off versus Travis Zajac in Rangers zone.
9:11 of 3rd period - Snap shot by Milan Lucic.
9:11 of 3rd period - Shot Misses the Net.
9:27 of 3rd period - Matt Greene is hit by Travis Zajac.
9:41 of 3rd period - Cam Barker is hit by Sergei Shirokov.
10:20 of 3rd period - Jake Gardiner is hit by Alex Tanguay and loses puck.
10:58 of 3rd period - Penalty to Chris Bourque is over, Chris Bourque is back on ice.
11:09 of 3rd period - Patrick Kaleta is hit by Stephen Weiss and loses puck.
11:19 of 3rd period - Icing by Bryce Lampman.
11:20 of 3rd period - Gustav Nyquist wins face-off versus Tomas Plekanec in Blues zone.
11:21 of 3rd period - Snap shot by James Neal.
11:21 of 3rd period - Shot Misses the Net.
11:23 of 3rd period - Wrist shot by Sean Couturier.
11:23 of 3rd period - Stopped by Carey Price without a rebound.
11:24 of 3rd period - Tomas Plekanec wins face-off versus Sean Couturier in Blues zone.
11:49 of 3rd period - Nick Leddy is hit by Mark Fistric and loses puck.
13:02 of 3rd period - Minor Penalty to Milan Lucic for High sticking.
13:03 of 3rd period - Nicklas Backstrom wins face-off versus Gustav Nyquist in Rangers zone.
13:05 of 3rd period - Wrist shot by Nicklas Backstrom.
13:05 of 3rd period - Shot Blocked by Matt Greene.
13:35 of 3rd period - Jakob Silfverberg is hit by Sergei Shirokov and loses puck.
15:02 of 3rd period - Penalty to Milan Lucic is over, Milan Lucic is back on ice.
15:28 of 3rd period - Minor Penalty to Chris Bourque for Hooking.
15:29 of 3rd period - Milan Lucic wins face-off versus Travis Zajac in Rangers zone.
17:28 of 3rd period - Penalty to Chris Bourque is over, Chris Bourque is back on ice.
17:37 of 3rd period - Backhand shot by James Neal.
17:37 of 3rd period - Deflect By Gustav Nyquist.
17:37 of 3rd period - Stopped by Carey Price without a rebound.
17:38 of 3rd period - Sean Couturier wins face-off versus Logan Couture in Blues zone.
17:51 of 3rd period - Colten Teubert is hit by Logan Couture and loses puck.
18:18 of 3rd period - Wrist shot by Nicklas Backstrom.
18:18 of 3rd period - Stopped by Frederik Andersen without a rebound.
18:19 of 3rd period - Stephen Weiss wins face-off versus Nicklas Backstrom in Rangers zone.
18:26 of 3rd period - Bryce Lampman is hit by Stephen Weiss and loses puck.
18:57 of 3rd period - Slapshot by Jakob Silfverberg.
18:57 of 3rd period - Stopped by Carey Price with a rebound.
Goals for this period are 0 for Rangers vs 0 for Blues.
Shots for this period are 8 for Rangers vs 4 for Blues.
Overtime #1
0:01 of 1st overtime period - Nicklas Backstrom wins face-off versus Milan Lucic in neutral zone.
1:15 of 1st overtime period - Icing by Gustav Nyquist.
1:16 of 1st overtime period - Nicklas Backstrom wins face-off versus Milan Lucic in Rangers zone.
1:41 of 1st overtime period - Snap shot by James Neal.
1:41 of 1st overtime period - Shot Misses the Net.
2:11 of 1st overtime period - Snap shot by Brandon Yip.
2:11 of 1st overtime period - Stopped by Frederik Andersen without a rebound.
2:12 of 1st overtime period - Matt Read wins face-off versus Logan Couture in Rangers zone.
2:19 of 1st overtime period - Backhand shot by Matt Read.
2:19 of 1st overtime period - Stopped by Carey Price without a rebound.
2:20 of 1st overtime period - Alex Tanguay wins face-off versus Nicklas Backstrom in Blues zone.
2:23 of 1st overtime period - Snap shot by Alex Tanguay.
2:23 of 1st overtime period - Shot Misses the Net.
2:25 of 1st overtime period - Slapshot by Milan Lucic.
2:25 of 1st overtime period - Shot Misses the Net.
2:35 of 1st overtime period - Slapshot by David Perron.
2:35 of 1st overtime period - Goal by David Perron - Rangers : 1 - Blues : 2.
Goals for this period are 0 for Rangers vs 1 for Blues.
Shots for this period are 1 for Rangers vs 2 for Blues.
Back to the Top